 Dungeon Crawl Stone Soup version 0.31-a0-236-g9a0961fb85 (webtiles) character file.

Game seed: 15876105558858788238

5620 olmar the Grappler (level 10, -10/86 HPs)
             Began as a Troll Warper on July 10, 2023.
             Was an Initiate of Gozag.
             Killed from afar by a steam dragon (21 damage)
             ... with a ball of steam
             ... on level 9 of the Dungeon.
             The game lasted 00:11:22 (7805 turns).

olmar the Grappler (Troll Warper)                   Turns: 7805, Time: 00:11:23

Health: -10/86     AC:  5    Str: 25    XL:     10   Next: 45%
Magic:  2/11       EV: 11    Int:  9    God:    Gozag
Gold:   879        SH:  0    Dex:  9    Spells: 10/12 levels left

rFire   . .          .
                       - Unarmed
rCold   . . .        (no shield)
rNeg    + . .        a - +0 robe
rPois   +            (helmet restricted)
rElec   .            r - +0 cloak
rCorr   .            (gloves unavailable)
SInv    .            (boots unavailable)
Will    .....        (no amulet)
Stlth   +            t - ring of poison resistance
HPRegen 1.14/turn    v - ring of positive energy
MPRegen 0.12/turn

%: no passive effects
@: no status effects
A: large, unfitting armour, claws 3, regeneration 1, shaggy fur 1, tough skin 1,
frail 1, MP-powered wands
a: Renounce Religion, Potion Petition, Call Merchant, Bribe Branch


You were on level 9 of the Dungeon.
You worshipped Gozag.
Gozag was pleased with you.
You visited 2 branches of the dungeon, and saw 10 of its levels.

You collected 983 gold pieces.
You paid 104 gold pieces to Gozag.

Inventory:

Missiles
 c - 7 boomerangs of dispersal
 j - 19 poisoned darts (quivered)
 n - 6 boomerangs
 C - 2 silver boomerangs
Armour
 a - a +0 robe (worn)
 r - a +0 cloak (worn)
Magical Staves
 d - a staff of fire
 A - a staff of earth
Jewellery
 t - a ring of poison resistance (left claw)
 v - a ring of positive energy (right claw)
 B - a ring of see invisible
Wands
 G - a wand of acid (7)
Scrolls
 b - 4 scrolls of blinking
 f - a scroll of brand weapon
 i - a scroll of amnesia
 k - 2 scrolls of teleportation
 o - a scroll of enchant weapon {unknown}
 p - a scroll of torment {unknown}
 y - a scroll of fog
 D - a scroll of fear
 E - a scroll of vulnerability {unknown}
 F - a scroll of noise {unknown}
 H - a scroll of identify
Potions
 g - 2 potions of might
 h - 3 potions of mutation
 l - 3 potions of attraction
 m - 3 potions of ambrosia
 q - a potion of cancellation
 s - 2 potions of brilliance
 w - 2 potions of enlightenment
 z - a potion of haste
 I - a potion of degeneration {unknown}


   Skills:
 + Level 5.3 Fighting
 - Level 0.8 Throwing
 + Level 6.1 Dodging
 - Level 0.2 Stealth
 + Level 12.3 Unarmed Combat
 - Level 1.5 Spellcasting
 + Level 3.1 Translocations


You had 10 spell levels left.
You knew the following spells:

 Your Spells              Type           Power      Damage    Failure   Level
a - Blink                 Tloc           12%        N/A       14%         2

Your spell library contained the following spells:

 Spells                   Type           Power      Damage    Failure   Level
 Lesser Beckoning         Tloc           12%        N/A       14%         2
 Gell's Gravitas          Tloc           6%         N/A       28%         3
 Teleport Other           Tloc           6%         N/A       28%         3
 Magic Dart               Conj           0%         1d3       34%         1
 Sandblast                Erth           0%         2d4       34%         1
 Ensorcelled Hibernation  Hex/Ice        0%         N/A       47%         2
 Passwall                 Tmut/Erth      0%         N/A       47%         2
 Searing Ray              Conj           0%         2d4       47%         2
 Vhi's Electric Charge    Tloc/Air       6%         N/A       50%         3
 Volatile Blastmotes      Fire/Tloc      6%         2d10      50%         3
 Manifold Assault         Tloc           6%         N/A       67%         4
 Dazzling Flash           Conj/Hex       0%         N/A       71%         3
 Spider Form              Tmut/Pois      0%         N/A       71%         3
 Stone Arrow              Conj/Erth      0%         3d7       71%         3
 Iskenderun's Mystic Bla  Conj/Tloc      3%         2d3       88%         4
 Anguish                  Hex/Necr       0%         N/A       98%         4
 Fulminant Prism          Conj/Hex       0%         3d5       98%         4
 Alistair's Intoxication  Tmut/Pois      0%         N/A       100%        5
 Borgnjor's Vile Clutch   Necr/Erth      0%         N/A       100%        5
 Eringya's Noxious Bog    Tmut/Pois      0%         4d6       100%        6
 Starburst                Conj/Fire      0%         6d3       100%        6


Dungeon Overview and Level Annotations

Branches:
Dungeon (9/15)             Temple (1/1) D:6
   Lair: D:8-11         Orc: D:9-12

Altars:
Ashenzari
Dithmenos
Elyvilon
Gozag
Hepliaklqana
Nemelex Xobeh
Okawaru
Qazlal
Ru
Sif Muna
Trog
Vehumet
Xom
Zin
The Shining One

Portals:
Abyss: D:3

Annotations:
D:2 1 runed translucent door, Crazy Yiuf
D:3 2 transporters, innerfire43's ghost, amateur DsMo


Innate Abilities, Weirdness & Mutations

You are too large for most types of armour.
You have claws for hands.
Your natural rate of healing is unusually fast.
You are covered in fur. (AC +1)
You have tough skin. (AC +1)
You are frail. (-10% HP)
You expend magic power (3 MP) to strengthen your wands.


Message History

You feel much better.
You are engulfed in a cloud of scalding steam.
* * * LOW HITPOINT WARNING * * *
The steam dragon bites you!
* * * LOW HITPOINT WARNING * * *
The steam dragon barely misses you.
Okay, then.
The steam dragon attacks as you move away!
The steam dragon bites you.
* * * LOW HITPOINT WARNING * * *
The steam dragon claws you.
* * * LOW HITPOINT WARNING * * *
Aiming: Corrosive Bolt
Press: ? - help, Shift-Dir - straight line, f - steam dragon
Aim: a steam dragon (moderately wounded, catching its breath, 71% to hit)
You feel a surge of power!
The bolt of acid misses the steam dragon.
The steam dragon bites you but does no damage.
The steam dragon misses you.
Unknown command.
Aiming: Corrosive Bolt
Press: ? - help, Shift-Dir - straight line, f/p - steam dragon
Aim: a steam dragon (moderately wounded, 71% to hit)
You feel a surge of power!
The bolt of acid hits the steam dragon!
The acid corrodes the steam dragon!
The steam dragon is heavily wounded.
The steam dragon bites you.
* * * LOW HITPOINT WARNING * * *
The steam dragon completely misses you.
Unknown command.
Aiming: Corrosive Bolt
Press: ? - help, Shift-Dir - straight line, f/p - steam dragon
Aim: a steam dragon (heavily wounded, covered in acid, 71% to hit)
You feel a slight surge of power.
The bolt of acid hits the steam dragon!
The steam dragon seems to be corroded for longer.
The steam dragon is severely wounded.
The steam dragon breathes steam at you. The ball of steam hits you!!
You die...
Your body crumbles into a pile of gold.

#.#*,*,,,*, #######.##.#.##**
#######.##.#..K*,
#######.##...#.*, ****
**###############.######.,, ,,,*
*,..........#####..#...#.*, ,,,*
*,..........#####..#.#..y*$ ...#
*,..........#####<.#.#.##** ...#
*,.....$.D@.#####..#.#..O*,
...#***,..........#####....###.*,
....,,,,.................#...#.,,
....,,,,.................###.##**
...#****####################...,,
...# #############.#** ...#
############..#
...#************############.##**
....,,,,,,,,,,,,...............,,


You could see a steam dragon (catching breath, corroded).

Vanquished Creatures
  A two-headed ogre (D:6)
  A hornet (D:7)
  Grinder (D:5)
  Prince Ribbit (D:5)
  Sigmund (D:2)
  4 yaks (D:6)
  Eustachio (D:5)
  A steam dragon (D:7)
  Edmund (D:5)
  Menkaure (D:4)
  A water moccasin (D:8)
  3 orc warriors (D:7)
  4 ice beasts
  An ogre (D:6)
  4 black bears
  A centaur (D:8)
  2 phantoms
  A kobold brigand (D:7)
  2 gnoll sergeants
  3 scorpions
  5 killer bees (D:8)
  2 hounds
  3 jellies
  5 orc priests
  2 gnoll boudas (D:8)
  5 iguanas
  8 orc wizards
  A sleepcap (D:6)
  17 gnolls
  9 adders
  3 white imps
  2 ufetubi (D:6)
  3 worms
  A dart slug (D:2)
  44 orcs
  8 bats
  5 endoplasms
  2 giant cockroaches
  5 goblins
  5 hobgoblins
  A quokka (D:1)
  8 ball pythons
  4 frilled lizards
  16 kobolds
  5 rats
204 creatures vanquished.

Notes
Turn   | Place    | Note
-------+----------+-------------------------------------------
     0 | D:1      | olmar the Troll Warper began the quest for the Orb.
     0 | D:1      | Reached XP level 1. HP: 19/19 MP: 1/1
    72 | D:1      | Found a faded altar of an unknown god.
   308 | D:1      | Reached XP level 2. HP: 23/28 MP: 2/2
   886 | D:2      | Noticed Sigmund
  1209 | D:2      | Reached XP level 3. HP: 35/35 MP: 4/4
  1699 | D:3      | Noticed a small abomination
  1703 | D:3      | Noticed a small abomination
  1703 | D:3      | Noticed a black bear
  1718 | D:3      | Killed a black bear
  1719 | D:3      | Reached skill level 3 in Unarmed Combat
  1719 | D:3      | Reached XP level 4. HP: 30/42 MP: 5/5
  1723 | D:3      | Found a transporter.
  1731 | D:3      | Learned a level 2 spell: Blink
  1769 | D:3      | Found a transporter.
  1805 | D:3      | Reached XP level 5. HP: 49/49 MP: 6/6
  2368 | D:3      | Found a one-way gate to the infinite horrors of the Abyss.
  2539 | D:3      | Noticed innerfire43's ghost (amateur DsMo)
  2716 | D:4      | Reached skill level 4 in Unarmed Combat
  2794 | D:4      | Noticed a phantom
  2805 | D:4      | Killed a phantom
  2806 | D:4      | Reached XP level 6. HP: 53/59 MP: 7/7
  2877 | D:4      | Reached skill level 5 in Unarmed Combat
  2920 | D:4      | Gained mutation: You are frail. (-10% HP) [potion of
                  | mutation]
  2920 | D:4      | Gained mutation: You expend magic power (3 MP) to
                  | strengthen your wands. [potion of mutation]
  2994 | D:4      | Noticed Menkaure
  3001 | D:4      | Killed Menkaure
  3002 | D:4      | Reached XP level 7. HP: 27/59 MP: 8/8
  3370 | D:2      | Found a runed translucent door.
  3371 | D:2      | Noticed Crazy Yiuf
  3457 | D:2      | Killed Sigmund
  3458 | D:2      | Reached skill level 6 in Unarmed Combat
  3774 | D:5      | Entered Level 5 of the Dungeon
  3774 | D:5      | Noticed Edmund
  3798 | D:5      | Killed Edmund
  3830 | D:5      | Reached skill level 7 in Unarmed Combat
  3830 | D:5      | Reached XP level 8. HP: 55/67 MP: 9/9
  4018 | D:5      | Noticed Prince Ribbit
  4020 | D:5      | Noticed Grinder
  4029 | D:5      | Killed Prince Ribbit
  4045 | D:5      | Killed Grinder
  4046 | D:5      | Reached skill level 8 in Unarmed Combat
  4353 | D:5      | Noticed Eustachio
  4534 | D:5      | Killed Eustachio
  4535 | D:5      | Reached skill level 9 in Unarmed Combat
  4746 | D:6      | Reached XP level 9. HP: 75/75 MP: 10/10
  4778 | D:6      | Reached skill level 5 in Dodging
  5151 | D:6      | Reached skill level 10 in Unarmed Combat
  5235 | D:6      | Found a staircase to the Ecumenical Temple.
  5326 | Temple   | Entered the Ecumenical Temple
  5329 | Temple   | Became a worshipper of Gozag Ym Sagoz the Greedy
  5346 | D:6      | Found a sparkling altar of Nemelex Xobeh.
  5347 | D:6      | Found a hazy altar of Hepliaklqana.
  5971 | D:7      | Noticed a two-headed ogre
  6094 | D:6      | Killed a two-headed ogre
  6095 | D:6      | Reached skill level 5 in Fighting
  6095 | D:6      | Reached skill level 11 in Unarmed Combat
  6133 | D:7      | Reached XP level 10. HP: 25/86 MP: 11/11
  7210 | D:8      | Reached skill level 12 in Unarmed Combat
  7787 | D:9      | Noticed a two-headed ogre
  7805 | D:9      | Killed from afar by a steam dragon

Illustrated notes

Levels and vault maps discovered:
D:1:      elethiomel_arrival_infinity_welcomes_careful_drivers,
          layout_loops_ring, ebering_ecumenical_altar_abandoned
D:2:      layout_basic, chequers_serial_rivers_marsh, uniq_sigmund,
          uniq_crazy_yiuf_cottage
D:3:      layout_loops_corners, gammafunk_ghost_abyssal_escape
D:4:      layout_cave_pools, minmay_misc_feat_doors, kennysheep_generic_room_10,
          uniq_menkaure
D:5:      layout_basic, chequers_serial_rivers_large_a, uniq_edmund,
          uniq_grinder, uniq_eustachio, uniq_prince_ribbit1
D:6:      layout_gridville, mainiacjoe_overflow_divided_tiny,
          minmay_temple_entry_sparse_star, minmay_fractal_squares_5
D:7:      layout_loops_cross
D:8:      layout_loops_ring, kennysheep_small_circle
D:9:      layout_small_grid, old_standard_altar, enter_bailey_5,
          serial_park_tiny_2, nicolae_doodle_vault, uniq_gastronok
Temple:   dpeg_three_leaves_temple

Skill      XL: |  1  2  3  4  5  6  7  8  9 10 |
---------------+-------------------------------+-----
Dodging        | 2 3 4 5 6 |  6.1
Fighting       | 2 3 4 5 |  5.3
Unarmed Combat | 3 4 5 7 9 11 12 | 12.3
Translocations | 3 |  3.1
Throwing       | |  0.8
Stealth        | |  0.2
Spellcasting   | |  1.5

Action                     |  1- 3 |  4- 6 |  7- 9 | 10-12 || total
---------------------------+-------+-------+-------+-------++-------
  Melee: Unarmed           |   113 |    82 |   269 |   158 ||   622
         Punch             |     2 |       |    16 |     4 ||    22
  Throw: Dart              |     2 |       |    20 |    10 ||    32
   Cast: Blink             |       |       |     3 |       ||     3
  Evoke: Wand              |       |       |       |     4 ||     4
    Use: Scroll            |     1 |       |     8 |     6 ||    15
         Potion            |       |     2 |     1 |     1 ||     4
   Stab: Sleeping          |     1 |       |       |       ||     1
 Armour: Robe              |    49 |    22 |    48 |    33 ||   152
  Dodge: Dodged            |    63 |    62 |   104 |    77 ||   306

Table legend: (Time is in decaauts)
 A = Elapsed time spent in this place.
 B = Non-inter-level travel time spent in this place.
 C = Inter-level travel time spent in this place.
 D = Time resting spent in this place.
 E = Time spent auto-exploring this place.
 F = Levels seen in this place.
 G = Mean time per level.
                   A        B        C        D        E       F      G
               +--------+--------+--------+--------+--------+-----+--------+
         Total |   7725 |   7233 |    492 |    262 |   5319 |  10 |  772.5 |
       Dungeon |   7718 |   7230 |    488 |    262 |   5319 |   9 |  857.6 |
        Temple |      6 |      3 |      3 |      0 |      0 |   1 |    6.0 |
               +--------+--------+--------+--------+--------+-----+--------+

Top non-repeatable levels by time:
     D:2: 1281 daAuts
     D:6: 1168 daAuts
     D:7: 1034 daAuts
     D:3: 951 daAuts
     D:1: 898 daAuts
     D:8: 837 daAuts
     D:5: 824 daAuts
     D:4: 694 daAuts
     D:9: 25 daAuts
  Temple: 6 daAuts
